 Dungeon Crawl Stone Soup version 0.29-a0-775-g4d7333d4e2 (webtiles) character file.

Game seed: 16391798816603198859

1750 omnomnOMINOUS the Tainted (level 9, -5/53 (62) HPs)
             Began as an Octopode Wanderer on July 1, 2022.
             Was an Initiate of Yredelemnul.
             Slain by a wight
             ... wielding a +0 war axe
              (12 damage)
             ... on level 6 of the Dungeon.
             The game lasted 00:19:58 (8385 turns).

omnomnOMINOUS the Tainted (Octopode Wanderer)       Turns: 8385, Time: 00:19:59

HP:   -5/53 (62)    AC:  5    Str: 12    XL:     9   Next: 6%
MP:   16/16         EV: 13    Int: 22    God:    Yredelemnul [......]
Gold: 230           SH:  0    Dex:  7    Spells: 17/18 levels left

rFire   . . .      SeeInvis .   a - +4 flail
rCold   . . .      Faith    .   (no shield)
rNeg    . . .      Spirit   .   (helmet restricted)
rPois   .          Reflect  .   (no amulet)
rElec   .          Harm     .   z - +4 ring of protection
rCorr   .          Rampage  .   (no ring)
Will    .....                   (no ring)
Stlth   ++........              (no ring)
HPRegen 0.17/turn               (no ring)
MPRegen 0.15/turn               (no ring)
                                (no ring)
                                (no ring)

@: mighty, heavily drained
A: almost no armour, amphibious, 8 rings, camouflage 1, gelatinous body 1,
(nimble swimmer 1), tentacles
a: Renounce Religion, Recall Undead Harvest


You were on level 6 of the Dungeon.
You worshipped Yredelemnul.
Yredelemnul was noncommittal.
You visited 1 branch of the dungeon, and saw 6 of its levels.
You also visited: Sewer.

You collected 230 gold pieces.

Inventory:

Hand Weapons
 a - a +4 flail (weapon)
 b - a +2 hand axe of freezing
 c - a +0 short sword of flaming
 y - a +2 whip of venom
Missiles
 i - 47 poisoned darts
 o - a throwing net
Jewellery
 z - a +4 ring of protection (left tentacle)
Scrolls
 e - a scroll of silence
 g - 3 scrolls of vulnerability
 j - 3 scrolls of teleportation
 p - 2 scrolls of enchant armour
 s - 2 scrolls of immolation
 t - a scroll of poison
 u - 5 scrolls of fog
 v - 2 scrolls of enchant weapon {unknown}
 x - a scroll of magic mapping {unknown}
Potions
 d - a potion of mutation
 h - a potion of invisibility {unknown}
 l - a potion of degeneration {unknown}
 m - 2 potions of flight {unknown}
 n - a potion of magic {unknown}
 q - a potion of attraction {unknown}
 r - 2 potions of curing
 w - a potion of haste {unknown}


   Skills:
 + Level 5.7 Fighting
 - Level 3.0 Throwing
 + Level 5.5 Dodging
 + Level 5.2 Spellcasting
 - Level 4.8 Poison Magic
 + Level 5.9 Invocations


You had 17 spell levels left.
You knew the following spells:

 Your Spells              Type           Power      Damage    Failure   Level
a - Sting                 Tmut/Pois      64%        1d6       3%          1

Your spell library contained the following spells:

 Spells                   Type           Power      Damage    Failure   Level
 Poisonous Vapours        Pois/Air       32%        N/A       5%          2
 Gell's Gravitas          Tloc           5%         N/A       30%         3
 Teleport Other           Tloc           5%         N/A       30%         3
 Corpse Rot               Necr/Pois/Air  12%        N/A       45%         4
 Dispersal                Tloc           2%         N/A       100%        6


Dungeon Overview and Level Annotations

Branches:
Dungeon (6/15)              Sewer (visited)
 Temple: D:4-7

Altars:
Dithmenos
Elyvilon
Gozag
Hepliaklqana
Okawaru
Qazlal
Uskayaw
Yredelemnul
The Shining One

Shops:
D:3 =


Innate Abilities, Weirdness & Mutations

You cannot wear most types of armour.
You are amphibious.
You can wear up to eight rings at the same time.
Your skin changes colour to match your surroundings (Stealth+).
Your rubbery body absorbs attacks. (AC +1, EV +1)
((You are camouflaged when in or above water. (Stealth+)))
You have tentacles for arms and can constrict up to eight enemies at once.


Message History

Your orc wizard zombie hits the wight but does no damage.
The wight closely misses you. The wight hits you with a +5 war axe.
The wight hits your adder zombie with a +5 war axe!
Your adder zombie is destroyed!
The wight hits your orc wizard zombie with a +5 war axe!
You hit the wight. Your grab misses the wight.
The wight is lightly damaged.
The wight misses you.
The wight barely misses your orc wizard zombie.
The wight barely misses you.
Your orc wizard zombie hits the wight but does no damage.
You closely miss the wight. You grab the wight.
The wight is lightly damaged.
You constrict the wight. The wight hits you with a +5 war axe!
You feel drained.
The wight hits your orc wizard zombie with a +5 war axe.
Your orc wizard zombie is destroyed!
The wight hits you with a +0 trident!
You feel much better.
You constrict the wight. The wight hits you with a +5 war axe!
The wight hits you but does no damage.
You feel very mighty all of a sudden.
You constrict the wight. The wight hits you with a +5 war axe!
The wight hits you with a +0 trident!
* * * LOW HITPOINT WARNING * * *
You feel drained.
* * * LOW HITPOINT WARNING * * *
Unknown command.
You feel much better.
You constrict the wight. The wight hits you with a +5 war axe.
You sock the wight!
You destroy the wight!
The wight hits you with a +0 trident!
* * * LOW HITPOINT WARNING * * *
You feel drained.
* * * LOW HITPOINT WARNING * * *
The wight hits you with a +0 trident.
* * * LOW HITPOINT WARNING * * *
You feel drained. The wight hits you with a +0 war axe!
You die...
Your body rises from the dead as a mindless zombie.

....#........###......
.............###......
..............#......
...........#.###.....
# #.......##.........
#.#................#.
#..............#.#...
..##...........##....
#@z...............
#z)##...#.........
...###..###........
.........##...##....
....#..)...#..........
....#...##.#<.........
........##..))........
....
..................
...##.........)..


You could see 2 wights.

Vanquished Creatures
  Sigmund (D:4)
  A black bear (D:5)
  An ogre (D:6)
  5 kobold brigands
  A necrophage (D:4)
  2 scorpions
  A wight (D:6)
  A howler monkey (D:4)
  3 hounds
  An orc priest (D:5)
  An iguana (D:6)
  4 orc wizards
  4 gnolls
  11 adders
  A river rat (D:5)
  A white imp (D:5)
  An adder zombie (Sewer)
  7 worms
  4 dart slugs
  12 orcs
  5 ball pythons
  7 bats
  8 endoplasms
  2 giant cockroaches
  5 goblins
  4 hobgoblins
  5 jackals (D:3)
  13 kobolds
  A quokka (D:4)
  A frilled lizard (D:2)
  12 rats
126 creatures vanquished.

Vanquished Creatures (collateral kills)
  A water moccasin (D:5)
  An ice beast (D:4)
  A necrophage (D:6)
  An orc priest (D:5)
  2 adders
  An endoplasm (D:4)
  2 goblins (D:4)
  A ball python (D:3)
  A bat (D:1)
  A frilled lizard (D:3)
  A kobold (Sewer)
  4 rats
17 creatures vanquished.

Vanquished Creatures (others)
  2 adder zombies
  2 bat zombies
  A jackal zombie (D:3)
  5 kobold zombies
  6 orc zombies
  A quokka zombie (D:4)
  6 demonic plants (D:1)
  A plant (D:1)
  2 withered plants (D:1)
26 creatures vanquished.

Grand Total: 169 creatures vanquished

Notes
Turn   | Place    | Note
-------+----------+-------------------------------------------
     0 | D:1      | omnomnOMINOUS the Octopode Wanderer began the quest for the
                  | Orb.
     0 | D:1      | omnomnOMINOUS set off with the following items: a +0
                  | dagger, 10 poisoned darts, a scroll of fog, a potion of
                  | lignification; and the following spell memorised: Sting;
                  | and the following spells available to memorise: Poisonous
                  | Vapours, Corpse Rot.
     0 | D:1      | Reached XP level 1. HP: 13/13 MP: 2/2
   568 | D:1      | Reached XP level 2. HP: 10/18 MP: 1/3
   751 | D:1      | Found a faded altar of an unknown god.
   764 | D:1      | Reached skill level 1 in Dodging
   769 | D:1      | Prayed at the altar of an unknown god.
   769 | D:1      | Became a worshipper of Yredelemnul the Dark
   769 | D:1      | Reached * piety under Yredelemnul
  1479 | D:2      | Reached XP level 3. HP: 21/24 MP: 5/5
  2026 | D:2      | Reached XP level 4. HP: 27/29 MP: 5/7
  2433 | D:3      | Found Enluof's Jewellery Shoppe.
  2652 | D:3      | Found a shadowy altar of Dithmenos.
  2655 | D:3      | Found a white marble altar of Elyvilon.
  2659 | D:3      | Found a hide-covered altar of Uskayaw.
  2994 | D:3      | Reached ** piety under Yredelemnul
  2994 | D:3      | Reached XP level 5. HP: 27/35 MP: 8/8
  3144 | D:4      | Noticed a sky beast
  3363 | D:4      | Reached XP level 6. HP: 6/42 MP: 7/10
  3610 | D:4      | Noticed an ice beast
  3628 | D:4      | Killed an ice beast
  3809 | D:4      | Noticed Sigmund
  3865 | D:4      | Found a glowing golden altar of the Shining One.
  4172 | D:4      | Killed Sigmund
  4173 | D:4      | Reached XP level 7. HP: 28/47 MP: 10/12
  4333 | D:4      | Found a hazy altar of Hepliaklqana.
  4404 | D:4      | Found an iron altar of Okawaru.
  4463 | D:4      | Found an opulent altar of Gozag.
  4843 | D:5      | Entered Level 5 of the Dungeon
  4943 | D:5      | Found a glowing drain.
  5144 | Sewer    | Entered a sewer
  5840 | Sewer    | Reached XP level 8. HP: 54/54 MP: 12/14
  6254 | D:5      | Found a stormy altar of Qazlal.
  6499 | D:5      | Reached skill level 5 in Invocations
  6707 | D:5      | Reached skill level 5 in Fighting
  6970 | D:5      | Reached skill level 5 in Dodging
  7979 | D:6      | Reached skill level 5 in Spellcasting
  7980 | D:6      | Reached XP level 9. HP: 61/61 MP: 16/16
  8385 | D:6      | Slain by a wight

Illustrated notes

Levels and vault maps discovered:
D:1:      dpeg_arrival_tiny_k, layout_basic, shapermc_ecumenical_altar_gd
D:2:      layout_loops_ring
D:3:      wander_river, layout_basic, grunt_temple_overflow_diamond,
          serial_shops, shop
D:4:      layout_gridville, lemuel_round_altar, nzn_hepliaklqana_mist_gate,
          kennysheep_okawaru_gauntlet, general_overflow_altar, chequers_garden,
          minmay_diced_spiral, uniq_sigmund
D:5:      layout_rooms, nicolae_qazlal_general_emergency,
          lightli_sewer_entry_pipes
D:6:      layout_cave_pools, nzn_wu_jian_contemplation,
          overflow_temple_1_default, lemuel_temple_firewalk_b, centaur_isle

Skill      XL: |  1  2  3  4  5  6  7  8 |
---------------+-------------------------+-----
Dodging        | 1 2 3 4 5 |  5.5
Fighting       | 2 3 4 5 |  5.7
Spellcasting   | 2 3 4 5 |  5.2
Invocations    | 2 3 4 5 |  5.9
Throwing       | |  3.0
Poison Magic   | |  4.8

Action                   |  1- 3 |  4- 6 |  7- 9 || total
-------------------------+-------+-------+-------++-------
Melee: Whip              |    20 |       |    77 ||    97
       Tentacles         |    12 |    15 |    41 ||    68
       Constrict         |     9 |    18 |    43 ||    70
       Short sword       |    36 |    93 |    50 ||   179
       Punch             |       |     1 |     1 ||     2
       Flail             |       |       |    35 ||    35
 Cast: Sting             |    10 |     2 |    28 ||    40
Invok: Recall Undead Har |       |       |     5 ||     5
  Use: Potion            |       |     1 |     6 ||     7
       Scroll            |       |       |     9 ||     9
 Stab: Sleeping          |     6 |       |     6 ||    12
Armor: Skin              |    11 |    23 |    12 ||    46
Dodge: Dodged            |    39 |    42 |   114 ||   195

Table legend: (Time is in decaauts)
 A = Elapsed time spent in this place.
 B = Non-inter-level travel time spent in this place.
 C = Inter-level travel time spent in this place.
 D = Time resting spent in this place.
 E = Time spent auto-exploring this place.
 F = Levels seen in this place.
 G = Mean time per level.
                   A        B        C        D        E       F      G
               +--------+--------+--------+--------+--------+-----+--------+
         Total |   8425 |   8183 |    242 |   2367 |   4603 |   7 | 1203.6 |
       Dungeon |   7423 |   7181 |    242 |   2042 |   4132 |   6 | 1237.2 |
         Sewer |   1001 |   1001 |      0 |    325 |    471 |   1 | 1001.0 |
               +--------+--------+--------+--------+--------+-----+--------+

Top non-repeatable levels by time:
     D:5: 1938 daAuts
     D:4: 1626 daAuts
     D:1: 1385 daAuts
     D:3: 1091 daAuts
   Sewer: 1001 daAuts
     D:2: 754 daAuts
     D:6: 628 daAuts
